 Dungeon Crawl Stone Soup version 0.31-b1-22-gc680215f68 (webtiles) character file.

Game seed: 7245005093072617098

5779 unlimited1921 the Thaumaturge (level 11, -1/71 HPs)
             Began as a Djinni Fire Elementalist on Jan 19, 2024.
             Was a Believer of Ashenzari.
             Slain by an orc warrior
             ... wielding a +0 flail
              (9 damage)
             ... on level 7 of the Dungeon.
             The game lasted 00:41:06 (19000 turns).

unlimited1921 the Thaumaturge (DjFE)               Turns: 19000, Time: 00:41:08

Health: -1/71      AC: 14    Str:  7      XL:     11   Next: 6%
Gold:   204        EV:  9    Int: 21      God:    Ashenzari [**....] SH:  0 Dex: 13 (14)

rFire   + + +        k - +5 club (spect)
rCold   . . .        c - orb {mayhem}
rNeg    . . .        K - +2 scale mail {rF+}
rPois   ∞            g - +0 helmet "Scepticism of Ashenzari" {Comp, Elem} (curse)
rElec   .            (no cloak)
rCorr   .            (no gloves)
SInv    +            (boots unavailable)
Will    +....        I - amulet of the Restrained Comet {Acrobat, Elem, Dev} (curse)
Stlth   ++           o - ring of Ashenzari's Sun {AC+4, Self, Bglg} (curse)
HPRegen 0.31/turn    M - ring of protection from cold
MPRegen 0.00/turn

%: mayhem, acrobat, infuse magic (-2 HP)
@: flying
A: sickness immunity, fire resistance 2, cold vulnerability 1, float, innate
caster, HP casting, extra vitality 1
a: Renounce Religion, Shatter the Chains


You were on level 7 of the Dungeon.
You worshipped Ashenzari.
Ashenzari was pleased with you.
You visited 2 branches of the dungeon, and saw 9 of its levels.
You also visited: Bailey.

You collected 444 gold pieces.
You spent 240 gold pieces at shops.

Inventory:

Hand Weapons
 a - a +1 halberd of freezing
 f - a +0 short sword of speed
 k - a +5 spectral club (weapon)
 n - a +0 orcbow
 y - a +0 scythe of venom
 A - a +2 halberd of flaming
 J - a +2 sling of flaming
Missiles
 r - 15 stones
 t - 8 throwing nets
Armour
 c - an orb of mayhem (worn)
 g - the cursed +0 helmet "Scepticism of Ashenzari" (worn) {Comp, Elem}
   (You took it off Robin on level 2 of the Dungeon)

   It has a curse which improves the following skills: Companions: Summonings
   and Necromancy.
   Elements:  Fire Magic, Ice Magic, Air Magic and Earth Magic.
 s - a +0 leather armour of willpower
 z - +0 steam dragon scales
 F - a +3 leather armour
 K - a +2 scale mail of fire resistance (worn)
Jewellery
 o - the cursed ring of Ashenzari's Sun (left hand) {AC+4, Self, Bglg}
   (You found it on level 3 of the Dungeon)

   [ring of protection]

   AC+4:      It affects your AC (+4).
   It has a curse which improves the following skills: Introspection: Fighting
   and Spellcasting.
   Beguiling: Hexes and Translocations.
 H - a +6 ring of strength
 I - the cursed amulet of the Restrained Comet (around neck) {Acrobat, Elem, Dev}
   (You took it off a gnoll bouda in a bailey)

   [amulet of the acrobat]

   Acrobat:   It increases your evasion while moving and waiting.
   It has a curse which improves the following skills: Elements: Fire Magic, Ice
   Magic, Air Magic and Earth Magic.
   Devices:   Evocations and Shapeshifting.
 M - a ring of protection from cold (right hand)
Wands
 l - a wand of polymorph (10)
 u - a wand of flame (23)
 B - a wand of charming (5)
 L - a wand of quicksilver (11)
Scrolls
 b - 5 scrolls of teleportation
 d - 2 scrolls of immolation
 h - 3 scrolls of enchant weapon
 i - 3 scrolls of blinking
 m - 4 scrolls of identify
 p - 3 scrolls of poison
 q - a scroll of fear
 v - a scroll of summoning
 w - a scroll of enchant armour
 x - a scroll of brand weapon
 D - a scroll of silence
Potions
 e - 8 potions of heal wounds
 j - 3 potions of haste
 C - a potion of mutation
 E - a potion of enlightenment
 G - 2 potions of lignification


   Skills:
 + Level 2.1(3.0) Fighting
 + Level 2.2 Maces & Flails
 + Level 6.2 Armour
 + Level 5.4 Dodging
 + Level 5.7 Stealth
 + Level 9.7(10.9) Spellcasting
 + Level 9.7 Conjurations
 + Level 9.7(10.9) Hexes
 + Level 9.7(10.9) Summonings
 + Level 9.7(10.9) Necromancy
 + Level 9.7(10.9) Translocations
 + Level 9.7(11.4) Fire Magic
 + Level 9.7(11.4) Ice Magic
 + Level 9.7(11.4) Air Magic
 + Level 9.7(11.4) Earth Magic
 + Level 9.7 Alchemy


You knew the following spells:

 Your Spells              Type           Power      Damage    Failure   Level
a - Foxfire               Conj/Fire      100%       2x1d9     1%          1
b - Scorch                Fire           100%       2d9       1%          2
c - Volatile Blastmotes   Fire/Tloc      100%       2d18      1%          3
d - Inner Flame           Hex/Fire       55%        N/A       1%          3
e - Flame Wave            Conj/Fire      54%        2d13      7%          4
f - Freeze                Ice            100%       1d10      1%          1
g - Searing Ray           Conj           100%       2d8       1%          2
h - Gell's Gravitas       Tloc           55%        N/A       1%          3
i - Tukima's Dance        Hex            55%        N/A       1%          3
j - Metabolic Englaciati  Hex/Ice        27%        N/A       16%         5
Your spell library was empty.

Dungeon Overview and Level Annotations

Branches:
Dungeon (8/15)             Temple (1/1) D:5          Bailey (visited)
   Lair: D:8-11

Altars:
Ashenzari
Cheibriados
Dithmenos
Fedhas
Gozag
Hepliaklqana
Makhleb
Nemelex Xobeh
Okawaru
Qazlal
Ru
Trog
Uskayaw
Xom
Yredelemnul

Shops:
D:5 ?


Innate Abilities, Weirdness & Mutations

You are immune to sickness and miasma.
You are immune to poison.
Your flesh is very heat resistant. (rF++)
You are vulnerable to cold. (rC-)
You float through the air rather than walking.
You learn spells naturally, not from books.
Your magical power is your life essence.
You have superior vitality. (+4 MHP)


Message History

The orc warrior is moderately wounded.
An orc comes into view. It is wielding a +0 flail.
The orc warrior hits you with a +0 flail.
You fly upwards.
There is a stone staircase leading down here.
Casting: Scorch (safe; 1% risk of failure)
Confirm with . or Enter, or press ? or * to list all spells.
Okay, then.
Unknown command.
Casting: Metabolic Englaciation (quite dangerous; 16% risk of failure)
Confirm with . or Enter, or press ? or * to list all spells.
Aiming: Tukima's Dance (safe; 1% risk of failure)
Press: ? - help, Shift-Dir - straight line, f - orc warrior
Aim: an orc warrior, wielding a +0 flail and wearing a +2 chain mail of poison resistance (moderately wounded, more vulnerable to fire, chance to affect: 73%)
The orc warrior struggles to resist.
The orc warrior barely misses you.
The orc warrior attacks as it pursues you!
The orc warrior misses you.
Casting: Tukima's Dance (safe; 1% risk of failure)
Confirm with . or Enter, or press ? or * to list all spells.
Flames lash the orc warrior.
The orc warrior is burned terribly!
The orc warrior is severely wounded.
The orc warrior hits you but does no damage.
Casting: Scorch (safe; 1% risk of failure)
Confirm with . or Enter, or press ? or * to list all spells.
Flames lash the orc warrior.
The orc warrior is burned terribly!
The orc warrior is severely wounded.
The orc warrior hits you but does no damage.
Casting: Scorch (safe; 1% risk of failure)
Confirm with . or Enter, or press ? or * to list all spells.
Flames lash the orc warrior but do no damage.
The orc warrior hits you with a +0 flail!
* * * LOW HITPOINT WARNING * * *
Your magical contamination has completely faded away.
Casting: Scorch (safe; 1% risk of failure)
Confirm with . or Enter, or press ? or * to list all spells.
Flames lash the orc warrior.
The orc warrior is burned terribly!
The orc warrior is almost dead.
* * * LOW HITPOINT WARNING * * *
The orc warrior hits you with a +0 flail!
You die...

####.......###...................
#.......##.##.........##.........
.........#.......................
......#..........................
......#..........................
#.............................##.
###...........................###
##.................#...........#
#.....##......#@...##.#..#....##
#....###......#o...########..##
##....#......###..## ##.#
#..<.#......# #### ###
###.##..#...### ##..........#
###.#....### ######.# ###


You could see an orc warrior (combustible).

Vanquished Creatures
  Pikel (D:7)
  Joseph (D:7)
  Grinder (D:3)
  Sigmund (D:6)
  Eustachio (D:6)
  Grum (Bailey)
  2 dancing weapons
  2 orc warriors
  2 sky beasts
  2 ice beasts
  A black bear (D:6)
  3 ogres
  5 wolves (Bailey)
  A phantom (D:5)
  3 lemures (D:7)
  2 bullfrogs
  2 scorpions (D:5)
  3 gnoll sergeants (Bailey)
  4 wights
  A howler monkey (D:6)
  6 hounds
  A jelly (D:6)
  2 quasits (D:8)
  2 bombardier beetles
  A bullfrog skeleton (D:4)
  6 gnoll boudas
  5 iguanas
  Jessica (D:2)
  2 scorpion zombies (D:4)
  Natasha (thrice) (D:4)
  A sleepcap (D:7)
  14 orc wizards
  3 hound skeletons (D:4)
  Robin (D:2)
  10 adders
  20 gnolls
  A shadow imp (D:8)
  7 white imps
  2 ufetubi (D:8)
  3 adder zombies (D:4)
  A ribbon worm (D:2)
  A dart slug (D:2)
  21 orcs
  9 bats
  8 endoplasms
  A giant cockroach (D:2)
  14 goblins
  7 hobgoblins
  2 jackals (D:2)
  4 quokkas
  6 ball pythons
  A frilled lizard (D:1)
  9 kobolds
  3 rats
217 creatures vanquished.

Vanquished Creatures (collateral kills)
  Maggie (D:6)
  2 gnoll sergeants (Bailey)
  A wight (D:7)
  An orc priest (D:8)
  3 gnoll boudas
  A sleepcap (D:6)
  3 gnolls (Bailey)
  An orc (D:4)
  A goblin (D:2)
  2 hobgoblins (D:2)
  4 foxfires (D:4)
20 creatures vanquished.

Vanquished Creatures (others)
  4 dancing weapons (Bailey)
  A gnoll (Bailey)
  An orc (D:6)
  1043 foxfires
1049 creatures vanquished.

Grand Total: 1286 creatures vanquished

Notes
Turn   | Place    | Note
-------+----------+-------------------------------------------
     0 | D:1      | unlimited1921 the Djinni Fire Elementalist began the quest
                  | for the Orb.
     0 | D:1      | unlimited1921 set off with the following spells memorised:
                  | Foxfire, Scorch, Volatile Blastmotes, Inner Flame, Flame
                  | Wave.
     0 | D:1      | Reached XP level 1. HP: 15/15 MP: 0/0
   246 | D:1      | You are sucked into a shaft and drop 1 floor!
   371 | D:2      | Reached XP level 2. HP: 14/21 MP: 0/0
  1150 | D:2      | Noticed Robin
  1171 | D:2      | Reached XP level 3. HP: 22/25 MP: 0/0
  1171 | D:2      | Learned a level 1 spell: Freeze
  1181 | D:2      | Killed Robin
  1275 | D:2      | Reached XP level 4. HP: 27/31 MP: 0/0
  3361 | D:2      | Noticed Jessica
  3363 | D:2      | Killed Jessica
  3364 | D:2      | Reached XP level 5. HP: 31/35 MP: 0/0
  3364 | D:2      | Learned a level 2 spell: Searing Ray
  3958 | D:1      | Found a faded altar of an unknown god.
  6796 | D:3      | Noticed Grinder
  6803 | D:3      | Killed Grinder
  6804 | D:3      | Reached XP level 6. HP: 31/40 MP: 0/0
  8176 | D:3      | Found a shadowy altar of Dithmenos.
  8565 | D:4      | Reached XP level 7. HP: 32/45 MP: 0/0
  8565 | D:4      | Learned a level 3 spell: Gell's Gravitas
  9231 | D:4      | Noticed Natasha
  9233 | D:4      | Killed Natasha
  9244 | D:4      | Reached skill level 5 in Spellcasting
  9244 | D:4      | Reached skill level 5 in Conjurations
  9244 | D:4      | Reached skill level 5 in Hexes
  9244 | D:4      | Reached skill level 5 in Summonings
  9244 | D:4      | Reached skill level 5 in Necromancy
  9244 | D:4      | Reached skill level 5 in Translocations
  9244 | D:4      | Reached skill level 5 in Fire Magic
  9244 | D:4      | Reached skill level 5 in Ice Magic
  9244 | D:4      | Reached skill level 5 in Air Magic
  9244 | D:4      | Reached skill level 5 in Earth Magic
  9244 | D:4      | Reached skill level 5 in Alchemy
  9339 | D:4      | Noticed Natasha
  9345 | D:4      | Killed Natasha
  9382 | D:4      | Noticed Natasha
  9388 | D:4      | Killed Natasha
  9614 | D:4      | Found a sparkling altar of Nemelex Xobeh.
 10929 | D:5      | Entered Level 5 of the Dungeon
 11090 | D:5      | Found a staircase to the Ecumenical Temple.
 11099 | Temple   | Entered the Ecumenical Temple
 11107 | Temple   | Became a worshipper of Ashenzari the Shackled
 11170 | D:5      | Reached XP level 8. HP: 41/50 MP: 0/0
 11795 | D:5      | Reached skill level 1 in Armour
 12852 | D:5      | Found Zuop's Magic Scroll Shoppe.
 12860 | D:5      | Bought a scroll of summoning for 95 gold pieces
 12860 | D:5      | Bought a scroll of enchant armour for 75 gold pieces
 12860 | D:5      | Bought a scroll of teleportation for 30 gold pieces
 12860 | D:5      | Bought a scroll of poison for 40 gold pieces
 13527 | D:6      | Noticed Sigmund
 13527 | D:6      | Noticed Maggie
 13529 | D:6      | Killed Sigmund
 13530 | D:6      | Reached skill level 5 in Stealth
 13530 | D:6      | Reached XP level 9. HP: 47/55 MP: 0/0
 13530 | D:6      | Learned a level 3 spell: Tukima's Dance
 13533 | D:6      | Killed Maggie
 13534 | D:6      | Reached skill level 1 in Maces & Flails
 13754 | D:6      | Reached skill level 1 in Fighting
 14695 | D:6      | Noticed Eustachio
 14699 | D:6      | Killed Eustachio
 14700 | D:6      | Reached XP level 10. HP: 42/64 MP: 0/0
 15279 | D:7      | Noticed Pikel
 15285 | D:7      | Killed Pikel
 15286 | D:7      | Reached skill level 5 in Dodging
 15342 | D:7      | Found a flagged portal.
 15348 | Bailey   | Entered a bailey
 16880 | Bailey   | Noticed Grum
 16889 | Bailey   | Killed Grum
 16941 | Bailey   | Reached * piety under Ashenzari
 17326 | D:7      | Reached skill level 5 in Armour
 17501 | D:7      | Found a shimmering altar of Xom.
 18260 | D:7      | Noticed Joseph
 18267 | D:7      | Killed Joseph
 18838 | D:8      | Reached ** piety under Ashenzari
 18870 | D:8      | Reached XP level 11. HP: 56/71 MP: 0/0
 18870 | D:8      | Learned a level 5 spell: Metabolic Englaciation
 19000 | D:7      | Slain by an orc warrior

Illustrated notes

Levels and vault maps discovered:
D:1:      dpeg_arrival_stonehenge_8_columns, layout_basic,
          chequers_ecumenical_altar_island
D:2:      layout_loops_corners, uniq_robin, uniq_jessica
D:3:      layout_basic, grunt_dithmenos_smoke, nicolae_twisty_statue_hallways,
          uniq_grinder
D:4:      layout_basic, mainiacjoe_overflow_catwalk, serial_undead,
          serial_undead_f, serial_undead_a, serial_undead_b, serial_undead_a,
          corexii_corridor_pit, uniq_natasha
D:5:      minmay_diamond_boxcup, layout_basic, minmay_temple_entry_mist,
          serial_shops, shop
D:6:      layout_rooms, overflow_temple_1_default,
          minmay_fractal_squares_gapless_5, uniq_maggie, uniq_sigmund,
          uniq_eustachio
D:7:      minmay_flawed_box, layout_cave_pools,
          mainiacjoe_overflow_small_starburst, enter_bailey_3,
          corexii_checkpoint, uniq_joseph, uniq_pikel
D:8:      layout_cave_pools, good_gods_temple_1, special_room
          [special_room_orc], serial_demonic, serial_demonic_d,
          serial_demonic_f, serial_demonic_f, serial_demonic_e,
          serial_demonic_a, serial_demonic_b
Temple:   eino_temple_lava

Skill      XL: |  1  2  3  4  5  6  7  8  9 10 11 |
---------------+----------------------------------+-----
Stealth        | 2 3 4 5 |  5.7
Dodging        | 3 4 5 |  5.4
Spellcasting   | 4 5 6 7 9 |  9.7
Conjurations   | 4 5 6 7 9 |  9.7
Hexes          | 4 5 6 7 9 |  9.7
Summonings     | 4 5 6 7 9 |  9.7
Necromancy     | 4 5 6 7 9 |  9.7
Translocations | 4 5 6 7 9 |  9.7
Fire Magic     | 4 5 6 7 9 |  9.7
Ice Magic      | 4 5 6 7 9 |  9.7
Air Magic      | 4 5 6 7 9 |  9.7
Earth Magic    | 4 5 6 7 9 |  9.7
Alchemy        | 4 5 6 7 9 |  9.7
Armour         | 3 4 5 6 |  6.2
Maces & Flails | 1 2 |  2.2
Fighting       | 1 2 |  2.1

Action                     |  1- 3 |  4- 6 |  7- 9 | 10-12 || total
---------------------------+-------+-------+-------+-------++-------
  Melee: Club              |       |       |     6 |    10 ||    16
   Cast: Foxfire           |    50 |   159 |   202 |   226 ||   637
         Scorch            |       |     7 |    40 |    48 ||    95
         Inner Flame       |       |     2 |    13 |    24 ||    39
         Flame Wave        |       |       |     7 |     5 ||    12
         Tukima's Dance    |       |       |     4 |    27 ||    31
         Searing Ray       |       |       |     3 |       ||     3
         Freeze            |       |       |     1 |       ||     1
 Invoke: Curse Item        |       |       |     1 |     2 ||     3
    Use: Scroll            |       |       |       |     1 ||     1
   Stab: Sleeping          |       |       |     1 |       ||     1
 Armour: Robe              |       |     6 |     1 |       ||     7
         Leather armour    |       |       |    26 |    36 ||    62
         Scale mail        |       |       |       |    47 ||    47
  Dodge: Dodged            |     6 |     6 |    35 |    69 ||   116
